 Dungeon Crawl Stone Soup version 0.28-b1-1-g3c77fb2ed1 (webtiles) character file.

Game seed: 11096539708100661396

265 LustLizard the Chopper (level 5, -1/48 HPs)
             Began as a Minotaur Berserker on Jan 31, 2022.
             Was a Believer of Trog.
             Killed by nerve-wracking pain
             ... invoked by Grinder
              (9 damage)
             ... on level 3 of the Dungeon.
             The game lasted 00:04:30 (2551 turns).

LustLizard the Chopper (Minotaur Berserker)         Turns: 2551, Time: 00:04:31

Health: -1/48      AC:  5    Str: 22    XL:     5   Next: 99%
Magic:  4/4        EV: 11    Int:  6    God:    Trog [**....]
Gold:   125        SH:  0    Dex:  9    Spells: 4/4 levels left

rFire   . . .      SeeInvis .   a - +0 hand axe
rCold   . . .      Faith    .   (no shield)
rNeg    . . .      Spirit   .   c - +0 ring mail
rPois   .          Reflect  .   (helmet restricted)
rElec   .          Harm     .   (no cloak)
rCorr   .          Rampage  .   (no gloves)
Will    .....                   (no boots)
Stlth   ..........              (no amulet)
HPRegen 0.16/turn               (no ring)
MPRegen 0.09/turn               (no ring)

@: no status effects
A: horns 2, retaliatory headbutt
a: Renounce Religion, Berserk, Trog's Hand


You were on level 3 of the Dungeon.
You worshipped Trog.
Trog was pleased with you.
You visited 1 branch of the dungeon, and saw 3 of its levels.

You collected 125 gold pieces.

Inventory:

Hand Weapons
 a - a +0 hand axe (weapon)
Missiles
 d - 2 poisoned darts
 e - 34 stones (quivered)
 m - 6 javelins
Armour
 b - a +0 animal skin
 c - a +0 ring mail (worn)
Scrolls
 f - 3 scrolls of identify {unknown}
 g - a scroll of noise {unknown}
 i - 2 scrolls of fog {unknown}
 l - a scroll of summoning {unknown}
Potions
 h - a potion of lignification {unknown}
 j - a potion of attraction {unknown}
 k - a potion of degeneration {unknown}


   Skills:
 + Level 5.0 Fighting
 * Level 6.1 Axes
 * Level 3.0 Throwing
 - Level 2.4 Armour
 - Level 2.1 Dodging


You had 4 spell levels left.
You didn't know any spells.
Your spell library was empty.

Dungeon Overview and Level Annotations

Branches:
Dungeon (3/15)

Altars:
Fedhas
Gozag
Zin

Annotations:
D:3 Grinder


Innate Abilities, Weirdness & Mutations

You have a pair of horns on your head.
You reflexively headbutt those who attack you in melee.


Message History

Grinder barely misses you.
You hit Grinder but do no damage. You headbutt Grinder.
Grinder is heavily wounded.
Grinder blinks!
You feel the effects of Trog's Hand fading.
You hit Grinder but do no damage. Your headbutt misses Grinder.
You punch Grinder, but do no damage.
Grinder is heavily wounded.
You hit Grinder but do no damage. You headbutt Grinder.
Grinder is heavily wounded.
Grinder hits you!
You writhe in agony.
You hit Grinder but do no damage. Your headbutt misses Grinder.
Grinder is heavily wounded.
Grinder hits you.
You writhe in agony.
You hit Grinder.
Grinder is severely wounded.
Grinder zaps a wand.
The puff of flame hits you.
You hit Grinder. You headbutt Grinder.
Grinder is almost dead.
Your skin stops crawling.
You feel less strong-willed. Grinder gestures at you.
You barely resist. You hit Grinder.
Grinder is almost dead.
Grinder says, "There's only one good use for a tongue: cutting it out."
Grinder gestures at you.
You suddenly lose the ability to move!
Grinder hits you!
You writhe in agony.
Grinder hits you but does no damage. Grinder hits you.
* * * LOW HITPOINT WARNING * * *
You writhe in agony.
* * * LOW HITPOINT WARNING * * *
You can move again.
You closely miss Grinder.
Grinder is almost dead.
Grinder blinks!
Grinder gestures at you. Pain shoots through your body!
You die...

#.## #.## ### #.## #.. #.##
#.# #... #### #.####.. ####
..# #..... # # #.# ###..#.#
# #.###.###.@....# #
#.#.....5.#........
#.#.#.######.....##
#.....### ###### ###
#.......########## ..#
#.#.###.##.......# #.# #
#.###.##......^# #.#
#..##.##.......#######.##
#.##.##..#...........##....


You could see Grinder.

Vanquished Creatures
  Sigmund (D:3)
  4 adders (D:2)
  A worm (D:3)
  3 dart slugs
  3 ball pythons
  6 bats
  3 endoplasms
  2 giant cockroaches
  4 goblins
  8 hobgoblins
  3 jackals (D:1)
  3 kobolds
  6 quokkas
  3 frilled lizards (D:2)
  4 rats
54 creatures vanquished.

Vanquished Creatures (others)
  A plant (D:1)
1 creature vanquished.

Grand Total: 55 creatures vanquished

Notes
Turn   | Place    | Note
-------+----------+-------------------------------------------
     0 | D:1      | LustLizard the Minotaur Berserker began the quest for the
                  | Orb.
     0 | D:1      | Reached XP level 1. HP: 19/19 MP: 0/0
   180 | D:1      | Reached skill level 4 in Axes
   184 | D:1      | Reached XP level 2. HP: 21/27 MP: 1/1
   489 | D:1      | Found a faded altar of an unknown god.
   584 | D:1      | Reached XP level 3. HP: 33/33 MP: 2/2
   961 | D:2      | Reached skill level 5 in Axes
   987 | D:2      | Reached skill level 1 in Throwing
  1025 | D:2      | Reached XP level 4. HP: 41/41 MP: 3/3
  1043 | D:2      | Reached ** piety under Trog
  2087 | D:3      | Found a glowing silver altar of Zin.
  2089 | D:3      | Found a blossoming altar of Fedhas.
  2089 | D:3      | Found an opulent altar of Gozag.
  2309 | D:3      | Noticed Sigmund
  2317 | D:3      | Killed Sigmund
  2318 | D:3      | Reached skill level 5 in Fighting
  2318 | D:3      | Reached skill level 6 in Axes
  2318 | D:3      | Reached XP level 5. HP: 32/48 MP: 4/4
  2525 | D:3      | Noticed Grinder
  2546 | D:3      | Paralysed by Grinder for 4 turns
  2551 | D:3      | Killed from afar by Grinder

Illustrated notes

Levels and vault maps discovered:
D:1:      dpeg_arrival_simpleton_b, layout_rooms,
          shapermc_ecumenical_altar_rom_forum
D:2:      layout_loops_ring, st_stairs_11
D:3:      layout_loops_cross, chequers_temple_overflow_statue_of_worship,
          minmay_tree_intersection, uniq_grinder, uniq_sigmund

Skill      XL: |  1  2  3  4 |
---------------+-------------+-----
Axes           | 4 5 6 |  6.1
Fighting       | 4 5 |  5.0
Throwing       | 1 3 |  3.0
Armour         | |  2.4
Dodging        | |  2.1

Action                   |  1- 3 |  4- 6 || total
-------------------------+-------+-------++-------
Melee: Hand axe          |    71 |    84 ||   155
       Headbutt          |    12 |    13 ||    25
       Punch             |       |     3 ||     3
Throw: Dart              |     2 |       ||     2
Invok: Trog's Hand       |       |     2 ||     2
       Berserk           |       |     1 ||     1
Armor: Ring mail         |    25 |    16 ||    41
       Animal skin       |     1 |       ||     1
Dodge: Dodged            |    40 |    41 ||    81
